 Dungeon Crawl Stone Soup version 0.31.0-32-g396128a36d (webtiles) character file.

Game seed: 7051052990786263663

156378 EntropyEnjoyer the Champion of Chaos (level 17, 0/115 HPs)
             Began as a Gargoyle Monk on Mar 8, 2024.
             Was the Champion of Makhleb.
             Slain by a salamander tyrant (5 damage)
             ... on level 4 of the Snake Pit.
             The game lasted 03:22:35 (24641 turns).

EntropyEnjoyer the Champion of Chaos (GrMo)        Turns: 24641, Time: 03:22:35

Health: 0/115      AC: 38    Str: 33    XL:     17   Next: 67%
Magic:  29/29      EV: 17    Int:  7    God:    Makhleb [******]
Gold:   1721       SH: 14    Dex: 18    Spells: 16/16 levels left

rFire   . . .        a - +8 demon whip (spect)
rCold   . . .        W - +0 kite shield {reflect}
rNeg    + . .        A - +2 chain mail {rF+}
rPois   ∞            N - +2 helmet "Plog" {rF- Regen+ Str+7 Int-5}
rElec   +            Q - +1 cloak {Will+}
rCorr   .            D - +0 pair of gloves
SInv    .            U - +2 pair of boots {rampage}
Will    +++..        V - amulet of the Painted Coconut {Faith ^Fragile +Blink Str+4 Dex+6} Stlth
                     r - ring of willpower
HPRegen 1.19/turn    f - +5 ring of evasion
MPRegen 0.21/turn

%: reflection, rampage, faith
@: weakened, on blink cooldown, flying, studying 2 skills
A: sickness immunity, AC +12, big wings, negative energy resistance 1,
electricity resistance, torment resistance 1, petrification resistance
a: Renounce Religion, Evoke Blink, Minor Destruction, Lesser Servant of Makhleb,
Major Destruction, Greater Servant of Makhleb


You were on level 4 of the Snake Pit.
You worshipped Makhleb.
Makhleb was exalted by your worship.
You visited 5 branches of the dungeon, and saw 26 of its levels.

You collected 2599 gold pieces.
You spent 878 gold pieces at shops.

Inventory:

Hand Weapons
 a - a +8 spectral demon whip (weapon)
 l - a +1 mace of holy wrath
 v - a +1 morningstar of protection
 E - a +4 dire flail
 O - the +9 hand axe of Gozag's Pride {spect, *Corrode +Blink rF++}
   (You found it on level 6 of the Dungeon)

   rF++:      It greatly protects you from fire.
   +Blink:    It lets you blink.
   *Corrode:  It may corrode you when you take damage.
Missiles
 z - a throwing net
Armour
 d - an orb of light
 A - a +2 chain mail of fire resistance (worn)
 D - a +0 pair of gloves (worn)
 K - a +2 kite shield of protection
 L - an orb of wrath
 N - the +2 helmet "Plog" (worn) {rF- Regen+ Str+7 Int-5}
   (You bought it in a shop on level 12 of the Dungeon)

   Str+7:     It affects your strength (+7).
   Int-5:     It affects your intelligence (-5).
   rF-:       It makes you vulnerable to fire.
   Regen+:    It increases your rate of health regeneration.
 Q - a +1 cloak of willpower (worn)
 U - a +2 pair of boots of rampaging (worn)
 W - a +0 kite shield of reflection (worn)
Jewellery
 f - a +5 ring of evasion (right hand)
 r - a ring of willpower (left hand)
 V - the amulet of the Painted Coconut (around neck) {Faith ^Fragile +Blink Str+4 Dex+6}
   (You found it on level 5 of the Lair of Beasts)

   [amulet of faith]

   Faith:     It allows you to gain divine favour quickly.
   Str+4:     It affects your strength (+4).
   Dex+6:     It affects your dexterity (+6).
   +Blink:    It lets you blink.
   ^Fragile:  It will be destroyed if unequipped.
 Z - a ring of protection from fire
Wands
 c - a wand of paralysis (17)
 p - a wand of acid (18)
 s - a wand of iceblast (10)
 x - a wand of polymorph (12)
 P - a wand of flame (85)
 R - a wand of mindburst (6)
Scrolls
 b - 5 scrolls of teleportation
 g - a scroll of revelation {unknown}
 j - 3 scrolls of fear
 t - 6 scrolls of blinking
 u - 5 scrolls of fog
 y - a scroll of butterflies {unknown}
 F - a scroll of torment {unknown}
 H - 3 scrolls of immolation {unknown}
 X - 3 scrolls of poison
Potions
 e - 4 potions of resistance
 h - 4 potions of might
 i - 7 potions of brilliance
 m - a potion of enlightenment {unknown}
 n - 3 potions of lignification
 o - 13 potions of curing
 q - a potion of cancellation {unknown}
 w - 4 potions of mutation
 B - 2 potions of berserk rage {unknown}
 C - 6 potions of attraction
 I - 2 potions of heal wounds
 J - a potion of degeneration {unknown}
 T - a potion of haste {unknown}
 Y - 2 potions of invisibility
Miscellaneous
 k - a phial of floods
 M - a sack of spiders


   Skills:
 - Level 16.3 Fighting
 - Level 13.5(14.1) Axes
 - Level 7.4(12.0) Maces & Flails
 - Level 12.2 Armour
 - Level 5.0 Dodging
 * Level 14.8 Shields
 + Level 16.5 Invocations
 - Level 6.7 Evocations


You had 16 spell levels left.
You didn't know any spells.
Your spell library contained the following spells:

 Spells                   Type           Power      Damage    Failure   Level
 Foxfire                  Conj/Fire      0%         2x1d4     86%         1
 Mercury Vapours          Alch/Air       0%         N/A       95%         2
 Dazzling Flash           Conj/Hex       0%         N/A       99%         3
 Frozen Ramparts          Ice            0%         1d1       99%         3
 Gell's Gravitas          Tloc           0%         N/A       99%         3
 Hailstorm                Conj/Ice       0%         3d5       99%         3
 Mephitic Cloud           Conj/Alch/Air  0%         N/A       99%         3
 Summon Ice Beast         Ice/Summ       0%         N/A       99%         3
 Teleport Other           Tloc           0%         N/A       99%         3
 Tukima's Dance           Hex            0%         N/A       99%         3
 Volatile Blastmotes      Fire/Tloc      0%         2d10      99%         3
 Animate Dead             Necr           0%         N/A       100%        4
 Dimensional Bullseye     Hex/Tloc       0%         N/A       100%        4
 Iskenderun's Mystic Bla  Conj/Tloc      0%         2d3       100%        4
 Leda's Liquefaction      Alch/Erth      0%         N/A       100%        4
 Manifold Assault         Tloc           0%         N/A       100%        4
 Petrify                  Alch/Erth      0%         N/A       100%        4
 Summon Blazeheart Golem  Fire/Summ      0%         N/A       100%        4
 Freezing Cloud           Conj/Ice/Air   0%         6-21      100%        5
 Metabolic Englaciation   Hex/Ice        0%         N/A       100%        5
 Dispersal                Tloc           0%         N/A       100%        6
 Plasma Beam              Fire/Air       0%         2x1d10    100%        6
 Sculpt Simulacrum        Ice/Alch       0%         N/A       100%        6
 Starburst                Conj/Fire      0%         6d3       100%        6
 Haunt                    Necr/Summ      0%         N/A       100%        7
 Orb of Destruction       Conj           0%         9d5       100%        7
 Spellforged Servitor     Conj/Summ      0%         N/A       100%        7
 Disjunction              Tloc           0%         N/A       100%        8
 Infestation              Necr           0%         N/A       100%        8
 Maxwell's Capacitive Co  Air            0%         ∞         100%        8


Dungeon Overview and Level Annotations

Branches:
Dungeon (15/15)            Temple (1/1) D:7            Lair (5/5) D:10
  Swamp (0/4) Lair:2        Snake (4/4) Lair:2        Slime (0/5) Lair:4
    Orc (0/2) D:11         Vaults (0/5) D:14         Depths (1/4) D:15

Altars:
Ashenzari
Cheibriados
Dithmenos
Elyvilon
Fedhas
Gozag
Hepliaklqana
Kikubaaqudgha
Makhleb
Nemelex Xobeh
Okawaru
Qazlal
Ru
Sif Muna
Trog
Uskayaw
Vehumet
Wu Jian
Xom
Yredelemnul
Zin
The Shining One
Jiyva

Shops:
D:2 [   D:7 ?*   D:12 *   D:14 !   Snake:4 =

Portals:
Ziggurat: Depths:1

Annotations:
D:9 3 runed translucent doors
Snake:2 1 runed translucent door, Akuuror's ghost, adept GrFi
Snake:4 exclusion: oklob plant


Innate Abilities, Weirdness & Mutations

You are immune to sickness and miasma.
Your stone body is resilient. (AC +12)
You are immune to poison.
Your large and strong wings let you fly.
You resist negative energy. (rN+)
You are resistant to electric shocks. (rElec)
You are resistant to unholy torment.
You are immune to petrification.


Message History

You block the salamander mystic's attack.
The salamander tyrant calls gouts of flame from the lava!
The flame surge hits you!!
* * * LOW HITPOINT WARNING * * *
The flame surge hits your +8 spectral demon whip!!
Your +8 spectral demon whip resists.
Your spectral weapon shares its damage with you!
* * * LOW HITPOINT WARNING * * *
The salamander misses you.
Hit: a) +8 demon whip (spect)
Press: ? - help, Dir - move target, f/p - salamander mystic
Aim: a salamander mystic, wielding a +0 scimitar and wearing a +0 robe (about 17% to evade your +8 spectral demon whip)
Okay, then.
You blink.
Your +8 spectral demon whip disappears.
The lindwurm breathes flames at you.
The blast of flame hits the salamander mystic.
The salamander mystic completely resists.
The blast of flame hits you!
* * * LOW HITPOINT WARNING * * *
The salamander mystic gestures at you while chanting.
The bolt of magma misses you.
A demon appears!
Your hellwing hits the salamander mystic but does no damage. x2
You hit the salamander mystic.
The salamander mystic is lightly wounded.
Your +8 spectral demon whip barely misses the salamander mystic.
The lindwurm breathes flames at you.
The blast of flame hits the salamander.
The salamander completely resists.
The blast of flame hits the salamander mystic.
The salamander mystic completely resists.
The blast of flame misses you.
The salamander mystic points at the salamander tyrant and mumbles some strange words.
The salamander tyrant seems to speed up.
You hear a roar!
You hit the salamander mystic.
The salamander mystic is lightly wounded.
Your +8 spectral demon whip hits the salamander mystic!!
The salamander tyrant hits you.
You die...

##.....###....#.^....
##....#.....##..##.#
##.))#)#...##..#..#
##.)..#.........##
####[##.#.#.[.## ≈≈≈≈≈
#..#.#....## ≈§§§≈
#..#......#
§≈§≈≈#+####....)##..####
§≈§≈...@(.#...÷÷........
S≈≈...$NN.#........#####
§§§...4N..##.......#
§≈§≈...k..###.#.##)#
§§≈§§...).# #....#)#
§≈≈§§≈≈≈..###....#)#
≈≈§≈≈≈≈§...##....#)#
######≈§≈...###.##)#####
###≈≈§§.##..)......


You could see a salamander tyrant (fast, ally target), a salamander mystic, a
salamander, a lindwurm (catching breath), a guardian serpent, a friendly
hellwing (summoned) and a friendly +8 spectral demon whip.

Vanquished Creatures
  Jorgrun (Snake:3)
  Frances (Snake:1)
  Aizul (Snake:3)
  3 nagarajas
  Josephine (Lair:5)
  Snorg (Lair:4)
  2 salamander tyrants
  A catoblepas (Lair:3)
  2 ogre magi (D:15)
  2 hydras
  7 two-headed ogres
  2 tengu warriors
  A boulder beetle (D:15)
  4 centaur warriors
  12 naga warriors
  A sphinx skeleton (D:15)
  8 anacondas
  2 hell hogs (Lair:5)
  A vampire mage (D:15)
  8 naga sharpshooters
  7 shock serpents
  Sonja (D:12)
  7 skeletal warriors
  8 naga ritualists
  3 salamander mystics
  10 mana vipers
  A storm dragon skeleton (D:15)
  An arcanist (D:11)
  2 necromancers
  7 orc knights
  3 lindwurms
  3 deep elf pyromancers (D:15)
  5 ugly things (D:14)
  4 cyclopes
  2 manticores
  12 elephants
  Maurice (D:7)
  50 black mambas
  A meliai (D:15)
  Joseph (D:8)
  2 guardian serpents
  9 salamanders
  A smoke demon (D:15)
  12 naga magi
  3 molten gargoyles (Lair:5)
  3 gargoyles
  A torpor snail (Lair:5)
  15 cane toads
  Maggie (D:7)
  An orange demon (D:15)
  2 rime drakes (Lair:5)
  An unseen horror (D:12)
  A kobold demonologist (D:14)
  An efreet (D:12)
  4 tengu conjurers
  10 komodo dragons
  2 hellwings (D:15)
  An ice devil (D:15)
  2 polar bears
  2 trolls
  A hornet (D:7)
  8 blink frogs
  6 dream sheep (Lair:4)
  11 slime creatures
  A spriggan zombie (D:15)
  Sigmund (D:2)
  2 vampires
  A ynoxinul (D:15)
  A water elemental (D:12)
  8 wyverns
  6 wraiths
  4 shadows
  82 yaks
  3 steam dragons
  A basilisk (shapeshifter) (D:15)
  11 basilisks
  Menkaure (D:7)
  9 vampire mosquitoes
  3 acid dragons
  37 nagas
  4 hell hounds (Lair:5)
  14 water moccasins
  2 laughing skulls (D:14)
  A black bear (shapeshifter) (D:15)
  2 orc warriors
  2 ice beasts
  4 black bears
  2 ogres
  7 wolves
  A crocodile (shapeshifter) (D:13)
  9 centaurs
  2 phantoms
  3 kobold brigands
  8 bullfrogs
  2 gnoll sergeants
  A scorpion (D:6)
  8 wights (D:10)
  6 killer bees (D:8)
  7 howler monkeys
  5 electric eels
  5 lava snakes (Lair:5)
  A bombardier beetle (D:4)
  5 hounds
  Crazy Yiuf (D:2)
  2 gnoll boudas (D:5)
  6 jellies
  5 orc priests
  3 iguanas
  2 sleepcaps
  13 orc wizards
  32 gnolls
  5 adders
  2 shadow imps
  A white imp (D:6)
  4 ufetubi (D:6)
  4 ribbon worms (D:2)
  57 orcs
  3 ball pythons
  13 endoplasms
  2 giant cockroaches
  10 goblins
  8 hobgoblins
  17 jackals
  5 quokkas
  3 bats
  20 kobolds
  2 rats
782 creatures vanquished.

Vanquished Creatures (collateral kills)
  2 nagarajas
  2 hydras
  A centaur warrior (D:15)
  4 two-headed ogres
  A salamander tyrant (Snake:3)
  A sun demon (D:15)
  A sixfirhy (D:15)
  A naga ritualist (Snake:1)
  An ugly thing (D:15)
  A cyclops (D:15)
  A black mamba (Snake:3)
  2 nagas
  An orc warrior (D:15)
  An orc (D:15)
20 creatures vanquished.

Vanquished Creatures (others)
  Asterion (Snake:1)
  A naga warrior (Snake:4)
  12 spectral weapons
14 creatures vanquished.

Grand Total: 816 creatures vanquished

Notes
Turn   | Place    | Note
-------+----------+-------------------------------------------
     0 | D:1      | EntropyEnjoyer the Gargoyle Monk began the quest for the
                  | Orb.
     0 | D:1      | Reached XP level 1. HP: 14/14 MP: 1/1
   116 | D:1      | Reached XP level 2. HP: 18/20 MP: 2/2
   240 | D:1      | Reached skill level 1 in Armour
  1105 | D:2      | Reached XP level 3. HP: 24/24 MP: 3/3
  1319 | D:2      | Found Vereumut's Antique Armour Boutique.
  1347 | D:2      | Reached XP level 4. HP: 27/30 MP: 4/4
  1544 | D:2      | Found a runed translucent door.
  1545 | D:2      | Noticed Crazy Yiuf
  1553 | D:2      | Killed Crazy Yiuf
  1554 | D:2      | Reached skill level 5 in Fighting
  1756 | D:2      | Noticed Sigmund
  2111 | D:3      | Reached XP level 5. HP: 35/35 MP: 5/5
  2793 | D:3      | Reached XP level 6. HP: 41/41 MP: 6/6
  2815 | D:4      | Reached skill level 1 in Axes
  3118 | D:4      | Noticed a black bear
  3232 | D:5      | Entered Level 5 of the Dungeon
  3242 | D:5      | Reached XP level 7. HP: 39/46 MP: 7/7
  3653 | D:5      | Reached skill level 5 in Armour
  3806 | D:5      | Reached XP level 8. HP: 48/51 MP: 8/8
  4092 | D:5      | Reached skill level 5 in Maces & Flails
  4673 | D:5      | Found a sacrificial altar of Ru.
  4675 | D:5      | Found an ancient bone altar of Kikubaaqudgha.
  4688 | D:5      | Found a hide-covered altar of Uskayaw.
  5181 | D:2      | Killed Sigmund
  5360 | D:2      | Bought a glowing orb for 240 gold pieces
  5582 | D:6      | Found a glowing golden altar of the Shining One.
  5797 | D:6      | Identified the +9 hand axe of Gozag's Pride {spect,
                  | *Corrode +Blink rF++}
  5809 | D:6      | Reached XP level 9. HP: 56/56 MP: 9/9
  6084 | D:7      | Noticed Maurice
  6195 | D:7      | Maurice stole a +2 halberd of protection
  6198 | D:7      | Killed Maurice
  6199 | D:7      | Reached skill level 5 in Axes
  6202 | D:7      | Noticed a hornet
  6211 | D:7      | Killed a hornet
  6537 | D:7      | Found a staircase to the Ecumenical Temple.
  6544 | Temple   | Entered the Ecumenical Temple
  6612 | Temple   | Became a worshipper of Makhleb the Destroyer
  6612 | Temple   | Reached * piety under Makhleb
  6612 | Temple   | Reached ** piety under Makhleb
  6699 | D:7      | Found Wuub's Elemental Accessories.
  6931 | D:7      | Found Searuhyd's Magic Scroll Emporium.
  6931 | D:7      | Noticed Maggie
  6947 | D:7      | Killed Maggie
  6948 | D:7      | Reached XP level 10. HP: 46/64 MP: 10/10
  7016 | D:7      | Bought a scroll of noise for 13 gold pieces
  7016 | D:7      | Bought a scroll of blinking for 97 gold pieces
  7016 | D:7      | Bought a scroll of identify for 26 gold pieces
  7168 | D:7      | Noticed Menkaure
  7176 | D:7      | Killed Menkaure
  7177 | D:7      | Reached skill level 1 in Invocations
  8037 | D:8      | Noticed a two-headed ogre
  8097 | D:7      | Killed a two-headed ogre
  8328 | D:8      | Found a shadowy altar of Dithmenos.
  8386 | D:8      | Noticed Joseph
  8471 | D:8      | Killed Joseph
  8848 | D:8      | Reached skill level 5 in Invocations
  8856 | D:8      | Reached *** piety under Makhleb
  9021 | D:9      | Found a runed translucent door.
  9023 | D:9      | Noticed a manticore
  9023 | D:9      | Noticed an orc knight
  9024 | D:9      | Found a runed translucent door.
  9024 | D:9      | Found a runed translucent door.
  9026 | D:9      | Noticed a centaur warrior
  9107 | D:9      | Reached XP level 11. HP: 71/71 MP: 15/15
  9486 | D:9      | Noticed a manticore
  9520 | D:10     | Entered Level 10 of the Dungeon
  9593 | D:10     | Identified the +4 dagger of Entrepreneurial Spirit {drain,
                  | ^Contam rPois rC+++ Dex-3}
  9632 | D:10     | Reached skill level 10 in Fighting
  9643 | D:10     | Noticed a two-headed ogre
  9745 | D:10     | Killed a two-headed ogre
  9824 | D:10     | Reached **** piety under Makhleb
  9893 | D:10     | Found a staircase to the Lair.
 10434 | D:11     | Reached skill level 10 in Axes
 10448 | D:11     | Found a staircase to the Orcish Mines.
 10455 | D:11     | Noticed a +7 great sword
 10457 | D:11     | Noticed an orc knight
 10457 | D:11     | Noticed an orc knight
 10457 | D:11     | Noticed an arcanist
 10457 | D:11     | Noticed an orc knight
 10476 | D:11     | Killed an orc knight
 10477 | D:11     | Reached XP level 12. HP: 36/79 MP: 18/18
 10926 | D:11     | Identified the +4 falchion of Ewineko {freeze, Will++ rCorr
                  | Dex-2}
 11478 | D:12     | Noticed a centaur warrior
 11687 | Lair:1   | Entered Level 1 of the Lair of Beasts
 12174 | Lair:1   | Reached skill level 10 in Invocations
 12846 | Lair:2   | Reached ***** piety under Makhleb
 13231 | Lair:2   | Reached XP level 13. HP: 85/86 MP: 20/20
 13467 | Lair:2   | Found a staircase to the Snake Pit.
 13501 | Lair:2   | Found a staircase to the Swamp.
 14055 | Lair:3   | Reached skill level 1 in Evocations
 15253 | Lair:4   | Found a staircase to the Slime Pits.
 15253 | Lair:4   | Found a viscous altar of Jiyva.
 15369 | Lair:4   | Noticed Snorg
 15419 | Lair:4   | Killed Snorg
 16074 | Lair:5   | Entered Level 5 of the Lair of Beasts
 16134 | Lair:5   | Gained mutation: Your large and strong wings let you fly.
                  | [Gargoyle growth]
 16134 | Lair:5   | Reached XP level 14. HP: 94/94 MP: 22/22
 16266 | Lair:5   | Identified the amulet of the Painted Coconut {Faith
                  | ^Fragile +Blink Str+4 Dex+6}
 16466 | Lair:5   | Noticed Josephine
 16476 | Lair:5   | Killed Josephine
 16633 | Lair:5   | Reached skill level 5 in Evocations
 16777 | Lair:5   | Reached ****** piety under Makhleb
 17061 | Lair:5   | Found a large runed translucent door.
 17061 | Lair:5   | Found a large runed translucent door.
 17838 | D:12     | Found Dufrim's Assorted Antiques.
 17844 | D:12     | Bought a scroll of identify for 58 gold pieces
 17844 | D:12     | Bought a pitted helmet for 275 gold pieces
 17844 | D:12     | Identified the +2 helmet "Plog" {rF- Regen+ Str+7 Int-5}
                  | (You bought it in a shop on level 12 of the Dungeon)
 18404 | D:12     | Noticed Sonja
 18406 | D:12     | Killed Sonja
 19735 | D:14     | Reached XP level 15. HP: 100/100 MP: 24/24
 19748 | D:14     | Reached skill level 5 in Dodging
 20058 | D:14     | Found Zugi's Distillery.
 20066 | D:14     | Bought a potion of heal wounds for 65 gold pieces
 20066 | D:14     | Bought a potion of invisibility for 104 gold pieces
 20499 | D:14     | Found a gate to the Vaults.
 20597 | D:15     | Entered Level 15 of the Dungeon
 20625 | D:15     | Reached skill level 10 in Armour
 20760 | D:15     | Reached skill level 15 in Fighting
 20933 | D:15     | Found a staircase to the Depths.
 21297 | Depths:1 | Entered Level 1 of the Depths
 21297 | Depths:1 | Found a one-way gateway to a ziggurat.
 21507 | Snake:1  | Entered Level 1 of the Snake Pit
 21667 | Snake:1  | Noticed Asterion
 21686 | Snake:1  | Killed Asterion
 21687 | Snake:1  | Reached XP level 16. HP: 40/109 MP: 26/26
 21738 | Snake:1  | Reached skill level 1 in Shields
 21794 | Snake:1  | Identified the +1 great mace "Kitex" {flame, *Corrode rPois
                  | Str+5 Dex+4}
 21873 | Snake:1  | Noticed Frances
 21899 | Snake:1  | Killed Frances
 22060 | Snake:1  | Identified the +1 flail "Cytuun" {pain, *Slow +Blink rCorr
                  | Dex+2}
 22551 | Snake:2  | Reached skill level 5 in Shields
 22605 | Snake:2  | Reached skill level 15 in Invocations
 22664 | Snake:2  | Identified 3 scrolls of acquirement
 22805 | Snake:2  | Noticed a nagaraja
 22960 | Snake:2  | Found a runed translucent door.
 22961 | Snake:2  | Noticed Akuuror's ghost (adept GrFi)
 23183 | Snake:2  | Noticed a nagaraja
 23192 | Snake:2  | Killed a nagaraja
 23359 | Snake:2  | Killed a nagaraja
 23391 | Snake:2  | Acquired a manual of Shields
 23395 | Snake:2  | Acquired a manual of Maces & Flails
 23399 | Snake:2  | Acquired 686 gold pieces
 23483 | Snake:3  | Noticed a nagaraja
 23496 | Snake:3  | Killed a nagaraja
 23735 | Snake:3  | Reached XP level 17. HP: 115/115 MP: 28/28
 23768 | Snake:3  | Identified the serpent talisman of Nuimy {Will+ Dex+3}
 23768 | Snake:3  | Noticed Aizul
 23797 | Snake:3  | Killed Aizul
 23813 | Snake:3  | Reached skill level 10 in Shields
 23862 | Snake:3  | Noticed Jorgrun
 23873 | Snake:3  | Killed Jorgrun
 24031 | Snake:4  | Entered Level 4 of the Snake Pit
 24183 | Snake:4  | Identified the +0 scale mail "Nerys" {rC+}
 24241 | Snake:4  | Found Dommaot's Jewellery Emporium.
 24415 | Snake:4  | Found an iron altar of Okawaru.
 24641 | Snake:4  | Slain by a salamander tyrant

Illustrated notes

Levels and vault maps discovered:
D:1:      onia_arrival_mini_maze_b, layout_basic, serial_bayou_lagoon_a,
          minmay_ruptured
D:2:      layout_rooms, serial_shops, nicolae_shop_rolling_square,
          hangedman_decor_diamond_cutter, uniq_sigmund, uniq_crazy_yiuf_cottage
D:3:      layout_loops_ring
D:4:      cheibrodos_quashed, layout_rooms, chequers_serial_rivers_small_3,
          minmay_manual_mess
D:5:      lemuel_castle_with_subvaults [lemuel_castle_interior_carwin_2],
          layout_loops_cross, minmay_overflow_temple_star_quad, enter_ossuary_1
D:6:      layout_basic, tso_altar
D:7:      layout_layer_cave, minmay_temple_entry_waves, enter_bailey_3,
          serial_shops, nicolae_shop_advertising_works
          [nicolae_subvault_shop_adworks], nicolae_elemental_shop,
          uniq_menkaure, uniq_maggie, uniq_maurice
D:8:      layout_basic, lemuel_doored_altar, uniq_joseph
D:9:      minmay_the_grid_four_pointed_star_mashed
          [minmay_the_grid_triangle_9x9_semitri,
          minmay_the_grid_triangle_9x9_fully_insulated_deathbox,
          minmay_the_grid_triangle_9x9_impossible_snake,
          minmay_the_grid_triangle_9x9_descending_squares,
          minmay_the_grid_prize_four_corners_diamond_a], layout_cross
D:10:     layout_loops_ring, minmay_lair_entry_grove
D:11:     layout_long_grid, orc_0_dummy, sword_in_stone
D:12:     layout_basic, serial_shops, nicolae_shop_pleasant_corner_grove,
          uniq_sonja
D:13:     layout_irregular_city, minmay_starry_boxes
D:14:     layout_loops_cross, david_vaults_1, serial_shops, shop,
          minmay_misc_feat_roman
D:15:     gammafunk_depths_entry_grave, layout_cave_pools, serial_demonic,
          serial_demonic_b, serial_demonic_c, serial_demonic_b,
          serial_demonic_f, minmay_joined_circles
Temple:   bh_familiar_temple
Lair:1:   layout_cave_pods
Lair:2:   layout_layer_cave, swamp_mist_pool, dummy_snake_entry,
          serial_bayou_shore_b
Lair:3:   layout_gridlike
Lair:4:   layout_gridlike, nicolae_slime_entry_slimehenge, st_stairs_8,
          grunt_megastairs_5, uniq_snorg
Lair:5:   cheibrodos_lair_end_hotspot, layout_regular_city, uniq_josephine
Snake:1:  layout_onion, nicolae_snake_slithery_corners,
          nicolae_snake_naga_rites, uniq_frances, uniq_asterion
Snake:2:  layout_gridlike, gammafunk_ghost_grave
Snake:3:  layout_rooms, st_stairs_9, drop_trap, uniq_jorgrun, uniq_aizul
Snake:4:  snake_pit_salamanders_mu, layout_basic, serial_shops,
          nicolae_shop_stone, st_stairs_3, grunt_ministairs_15,
          lemuel_oklob_altar
Depths:1: layout_cave_shapes, enter_ziggurat_c, grunt_pan_entry_sceptre,
          hell_entry, pdpol_wu_jian_five_deadly_venoms, nicolae_shop_vocational,
          minmay_shoptagon, uniq_saint_roka, uniq_boris, uniq_sojobo

Skill      XL: |  1  2  3  4  5  6  7  8  9 10 11 12 13 14 15 16 17 |
---------------+----------------------------------------------------+-----
Armour         | 1 2 3 4 5 6 8 11 12 | 12.2
Fighting       | 4 5 6 8 9 10 12 13 14 15 16 | 16.3
Axes           | 2 4 6 8 10 12 13 | 13.5
Maces & Flails | 6 7 |  7.4
Invocations    | 6 8 10 11 13 14 15 16 | 16.5
Evocations     | 4 6 |  6.7
Dodging        | 4 5 |  5.0
Shields        | 9 14 | 14.8

Action                     |  1- 3 |  4- 6 |  7- 9 | 10-12 | 13-15 | 16-18 || total
---------------------------+-------+-------+-------+-------+-------+-------++-------
  Melee: Mace              |    60 |       |       |    13 |       |       ||    73
         Flail             |    30 |    78 |   196 |       |       |       ||   304
         Hand axe          |       |    78 |   123 |   394 |   674 |       ||  1269
         Punch             |       |       |       |     1 |       |       ||     1
         Demon whip        |       |       |       |       |       |   516 ||   516
 Invoke: Minor Destruction |       |       |       |   125 |   272 |   133 ||   530
         Lesser Servant of |       |       |       |       |    15 |    16 ||    31
         Major Destruction |       |       |       |       |     3 |     3 ||     6
         Greater Servant o |       |       |       |       |     1 |     3 ||     4
Ability: Evoke Blink       |       |       |       |     1 |     1 |     1 ||     3
    Use: Potion            |       |       |     1 |     2 |     1 |       ||     4
         Scroll            |       |       |       |     9 |     8 |    12 ||    29
   Stab: Distracted        |       |       |     1 |     5 |    17 |     5 ||    28
 Armour: Leather armour    |    33 |       |       |       |       |       ||    33
         Ring mail         |    10 |    99 |   241 |       |       |       ||   350
         Scale mail        |       |       |    42 |     6 |       |       ||    48
         Chain mail        |       |       |       |   182 |   346 |   197 ||   725
  Dodge: Dodged            |    47 |    97 |   230 |   174 |   287 |   164 ||   999
  Block: Kite shield       |       |       |       |       |       |   179 ||   179
         Reflection        |       |       |       |       |       |    33 ||    33
